 Dungeon Crawl Stone Soup version 0.27-a0-1591-gc56fcc985a (webtiles) character file.

Game seed: 1133832990252783666

207 Anon1729 the Skirmisher (level 5, 0/47 HPs)
             Began as a Minotaur Monk on July 19, 2021.
             Was an Initiate of Ru.
             Slain by an iguana (6 damage)
             ... on level 5 of the Dungeon.
             The game lasted 00:02:32 (2568 turns).

Anon1729 the Skirmisher (Minotaur Monk)             Turns: 2568, Time: 00:02:32

Health: 0/47       AC:  2    Str: 16    XL:     5   Next: 54%
Magic:  4/4        EV: 13    Int:  7    God:    Ru [......]
Gold:   162        SH:  0    Dex: 13    Spells: 4/4 levels left

rFire    . . .     SeeInvis .   a - +0 falchion
rCold    . . .     Faith    .   (no shield)
rNeg     . . .     Spirit   .   b - +0 robe
rPois    .         Reflect  .   (helmet restricted)
rElec    .         Harm     .   (no cloak)
rCorr    +         Rampage  .   (no gloves)
Will     .....                  (no boots)
Stlth    ++........             (no amulet)
HPRegen  0.15/turn              d - ring of resist corrosion
MPRegen  0.09/turn              (no ring)

@: no status effects
A: horns 2, retaliatory headbutt
a: Renounce Religion


You were on level 5 of the Dungeon.
You worshipped Ru.
Ru was noncommittal.
You visited 1 branch of the dungeon, and saw 4 of its levels.

You collected 162 gold pieces.

Inventory:

Hand Weapons
 a - a +0 falchion (weapon)
Missiles
 c - a throwing net
Armour
 b - a +0 robe (worn)
Jewellery
 d - a ring of resist corrosion (left hand)
Scrolls
 e - 2 scrolls of identify {unknown}
 g - a scroll of enchant weapon {unknown}
 h - 2 scrolls of magic mapping {unknown}
 k - a scroll of teleportation {unknown}
 m - a scroll of fog {unknown}
Potions
 f - 2 potions of curing {unknown}
 i - 2 potions of cancellation {unknown}
 j - a potion of ambrosia {unknown}
 l - a potion of invisibility {unknown}


   Skills:
 + Level 4.9 Fighting
 + Level 4.9 Long Blades
 + Level 4.4 Dodging
 + Level 2.9 Stealth


You had 4 spell levels left.
You didn't know any spells.
Your spell library contained the following spells:

 Spells                   Type           Power      Damage    Failure   Level
 Animate Skeleton         Necr           0%         N/A       43%         1
 Pain                     Necr           0%         1d4       43%         1
 Sublimation of Blood     Necr           0%         N/A       56%         2
 Vampiric Draining        Necr           0%         2d6       80%         3


Dungeon Overview and Level Annotations

Branches:
Dungeon (5/15)
 Temple: D:4-7

Altars:
Fedhas
Kikubaaqudgha
Ru
Uskayaw
The Shining One

Annotations:
D:4 1 transporter


Innate Abilities, Weirdness & Mutations

You have a pair of horns on your head.
You reflexively headbutt those who attack you in melee.


Message History

You are too injured to fight recklessly!
You are too injured to fight recklessly!
You are too injured to fight recklessly!
You are too injured to fight recklessly!
You are too injured to fight recklessly!
There are monsters nearby!
A jackal comes into view.
Found an escape hatch in the ceiling.
A kobold comes into view. It is wielding a +0 club.
The jackal barks!
A jackal comes into view.
An adder comes into view.
There is an escape hatch in the floor here.
The iguana misses you.
You slide downwards.
The hatch slams shut behind you.
Found a stone staircase leading down.
You closely miss the iguana.
The iguana is lightly wounded.
The iguana barely misses you.
You riposte.
You closely miss the iguana.
The iguana is lightly wounded.
You barely miss the iguana.
The iguana is lightly wounded.
The iguana barely misses you.
You hit the iguana but do no damage.
The iguana is lightly wounded.
The iguana barely misses you.
You riposte.
You hit the iguana.
The iguana is heavily wounded.
The orc sings a few bars from the Orcish anthem.
You closely miss the iguana.
The iguana is heavily wounded.
The iguana bites you!
* * * LOW HITPOINT WARNING * * *
Okay, then.
You hit the iguana. Your headbutt misses the iguana.
The iguana is heavily wounded.
The iguana barely misses you.
You riposte.
You hit the iguana.
The iguana is almost dead.
You barely miss the iguana.
The iguana is almost dead.
The iguana bites you.
You die...

# # #. .# #.
####.
#...... ###
..##..#..
...#
...o....#..#
#...@l>.#
##.....##
#######


You could see an iguana and an orc.

Vanquished Creatures
  A water moccasin (D:4)
  A bullfrog zombie (D:4)
  A jelly (D:4)
  An orc priest (D:4)
  A centaur skeleton (D:4)
  An ogre skeleton (D:4)
  A hound skeleton (D:4)
  A howler monkey skeleton (D:4)
  An orc skeleton (D:4)
  A worm (D:2)
  2 orcs (D:4)
  4 ball pythons
  3 endoplasms
  2 giant cockroaches (D:1)
  2 hobgoblins (D:1)
  2 quokkas (D:4)
  A ball python skeleton (D:4)
  2 bats (D:1)
  A frilled lizard (D:1)
  A giant cockroach zombie (D:4)
  4 goblins
  A goblin skeleton (D:4)
  2 kobolds (D:1)
  An orc zombie (D:4)
  A quokka skeleton (D:4)
  2 rats
41 creatures vanquished.

Notes
Turn   | Place    | Note
-------+----------+-------------------------------------------
     0 | D:1      | Anon1729 the Minotaur Monk began the quest for the Orb.
     0 | D:1      | Reached XP level 1. HP: 19/19 MP: 0/0
   369 | D:1      | Reached XP level 2. HP: 24/27 MP: 1/1
   550 | D:1      | Found a faded altar of an unknown god.
  1129 | D:1      | Became a worshipper of Kikubaaqudgha
  1129 | D:1      | Reached * piety under Kikubaaqudgha
  1129 | D:1      | Received a gift from Kikubaaqudgha
  1129 | D:1      | Reached ** piety under Kikubaaqudgha
  1308 | D:2      | You fall into a shaft and drop 2 floors!
  1315 | D:4      | Found a blossoming altar of Fedhas.
  1315 | D:4      | Found a sacrificial altar of Ru.
  1353 | D:4      | HP: 1/25 [orc priest (2)]
  1355 | D:4      | Reached XP level 3. HP: 1/33 MP: 2/2
  1357 | D:4      | Fell from the grace of Kikubaaqudgha
  1357 | D:4      | Became a worshipper of Ru the Awakened
  1672 | D:4      | Reached XP level 4. HP: 40/40 MP: 3/3
  1720 | D:4      | Found a glowing golden altar of the Shining One.
  1854 | D:4      | Noticed a water moccasin
  1861 | D:4      | Killed a water moccasin
  1862 | D:4      | Reached XP level 5. HP: 34/47 MP: 4/4
  2091 | D:4      | Found a hide-covered altar of Uskayaw.
  2154 | D:4      | Found a transporter.
  2551 | D:4      | Noticed an ogre
  2562 | D:5      | Entered Level 5 of the Dungeon
  2568 | D:5      | Slain by an iguana

Illustrated notes

Levels and vault maps discovered:
D:1:      dpeg_arrival_morbid_curiosity, layout_basic,
          hellmonk_ecumenical_altar_zigzags
D:2:      layout_basic
D:4:      gammafunk_wand_slinger, layout_loops_ring,
          nicolae_tso_carved_into_rock, eat_drink_and_be_merry_uskayaw,
          mainiacjoe_overflow_divided_tiny
D:5:      layout_loops_cross

Skill      XL: |  1  2  3  4 |
---------------+-------------+-----
Fighting       | 4 |  4.9
Long Blades    | 4 |  4.9
Stealth        | 2 |  2.9
Dodging        | 4 |  4.4

Action                   |  1- 3 |  4- 6 || total
-------------------------+-------+-------++-------
Melee: Falchion          |    40 |    53 ||    93
       Headbutt          |    13 |    14 ||    27
Armor: Robe              |     3 |     5 ||     8
Dodge: Dodged            |    29 |    39 ||    68
       Rpst.: Falchion   |    12 |    13 ||    25

Table legend: (Time is in decaauts)
 A = Elapsed time spent in this place.
 B = Non-inter-level travel time spent in this place.
 C = Inter-level travel time spent in this place.
 D = Time resting spent in this place.
 E = Time spent auto-exploring this place.
 F = Levels seen in this place.
 G = Mean time per level.
                   A        B        C        D        E       F      G
               +--------+--------+--------+--------+--------+-----+--------+
         Total |   2578 |   2483 |     95 |    549 |   1605 |   4 |  644.5 |
       Dungeon |   2578 |   2483 |     95 |    549 |   1605 |   4 |  644.5 |
               +--------+--------+--------+--------+--------+-----+--------+

Top non-repeatable levels by time:
     D:4: 1261 daAuts
     D:1: 1173 daAuts
     D:2: 137 daAuts
     D:5: 6 daAuts
